 Dungeon Crawl Stone Soup version 0.26-b1-32-g5d43845318 (webtiles) character file.

Game seed: 10286550796674297583

53482 raph the Severer (level 14, -2/103 HPs)
             Began as a Deep Dwarf Earth Elementalist on Jan 11, 2021.
             Was the Champion of Makhleb.
             Slain by a boulder beetle (53 damage)
             ... on level 5 of the Lair of Beasts.
             The game lasted 02:07:25 (38375 turns).

raph the Severer (Deep Dwarf Earth Elementalist)   Turns: 38375, Time: 02:07:26

Health: -2/103     AC: 12    Str:  9    XL:     14   Next: 31%
Magic:  17/25      EV: 18    Int: 26    God:    Makhleb [******]
Gold:   1635       SH:  5    Dex: 20    Spells: 2/28 levels left

rFire    + . .     SeeInvis .   a - +8 frozen axe "Frostbite" {freezing cloud, *Noise +Fly rC+}
rCold    + . .     Faith    .   (shield currently unavailable)
rNeg     + . .     Spirit   .   M - +2 steam dragon scales
rPois    .         Reflect  +   F - +2 helmet
rElec    +         Harm     .   B - +0 cloak
rCorr    .         Rampage  .   h - +0 pair of gloves
Will     +++..                  (no boots)
Stlth    +++.......             o - amulet of reflection
HPRegen  0.00/turn              N - ring "Yqokk" {rElec rF+ Will+ Str-3 Int+8}
MPRegen  0.19/turn              G - +6 ring of dexterity

@: non-regenerating
A: damage resistance, heal wounds, dopey 1, frail 1, negative energy resistance
1, sense surroundings 2, no regeneration
a: Heal Wounds, Renounce Religion, Evoke Flight, Minor Destruction, Lesser
Servant of Makhleb, Major Destruction, Greater Servant of Makhleb


You were on level 5 of the Lair of Beasts.
You worshipped Makhleb.
Makhleb was exalted by your worship.
You visited 4 branches of the dungeon, and saw 19 of its levels.
You also visited: Bailey.

You collected 1843 gold pieces.
You spent 208 gold pieces at shops.

Inventory:

Hand Weapons
 a - the +8 frozen axe "Frostbite" (weapon) {freezing cloud, *Noise +Fly rC+}
   (You found it on level 2 of the Lair of Beasts)

   It has been specially enchanted to freeze those struck by it, causing extra
   injury to most foes and up to half again as much damage against particularly
   susceptible opponents.
   It can also slow down cold-blooded creatures.
   It protects you from cold.
   It lets you fly.
   It may make noises in combat.
 b - a +2 hunting sling of flaming
 s - a +0 dagger
 K - a +5 hand axe of flaming
 L - a +0 war axe of flaming
 O - a +0 broad axe of flaming
 R - the +2 broad axe of Weak Purpose {speed, SInv}
   (You found it in a bailey)

   Attacks with this weapon are significantly faster.
   It lets you see invisible.
 X - a +2 hunting sling of freezing
Missiles
 c - 105 sling bullets
 l - 365 stones (quivered)
Armour
 h - a +0 pair of gloves (worn)
 j - a +0 buckler
 y - a +3 leather armour
 B - a +0 cloak (worn)
 F - a +2 helmet (worn)
 M - +2 steam dragon scales (worn)
Magical Staves
 i - an uncursed staff of cold
Jewellery
 g - an uncursed ring of fire
 k - an uncursed ring of resist corrosion
 o - an amulet of reflection (around neck)
 G - a +6 ring of dexterity (right hand)
 N - the ring "Yqokk" (left hand) {rElec rF+ Will+ Str-3 Int+8}
   (You acquired it on level 1 of the Lair of Beasts)

   [ring of willpower]

   It affects your strength (-3).
   It affects your intelligence (+8).
   It protects you from fire.
   It insulates you from electricity.
   It affects your willpower, your defense against some magical effects.
 P - a +4 ring of protection
 U - a +6 ring of strength
 V - a +4 ring of protection
 W - an uncursed ring of fire
Wands
 e - a wand of enslavement (12)
 t - a wand of random effects (57)
 D - a wand of disintegration (11)
 E - a wand of digging (15)
 J - a wand of iceblast (14)
 Q - a wand of paralysis (11)
Scrolls
 d - 3 scrolls of fog
 f - 2 scrolls of immolation
 r - 8 scrolls of teleportation
 u - 5 scrolls of remove curse
 H - 3 scrolls of amnesia
 S - 4 scrolls of identify
 Y - a scroll of enchant armour
Potions
 m - 3 potions of berserk rage
 n - 2 potions of invisibility
 p - 2 potions of haste
 q - 4 potions of brilliance
 v - 3 potions of attraction
 w - 3 potions of lignification
 x - 8 potions of curing
 z - 5 potions of might
 A - 2 potions of flight
 C - 5 potions of heal wounds
 I - 3 potions of cancellation
 T - a potion of magic


   Skills:
 - Level 4.9 Fighting
 * Level 15.8 Axes
 - Level 7.4 Dodging
 - Level 5.0 Stealth
 - Level 4.0 Shields
 - Level 7.7 Spellcasting
 - Level 7.9 Conjurations
 - Level 3.3 Necromancy
 - Level 2.9 Transmutations
 - Level 12.8 Earth Magic
 - Level 9.0 Invocations
 - Level 4.0 Evocations


You had 2 spell levels left.
You knew the following spells:

 Your Spells              Type           Power        Failure   Level
a - Sandblast             Erth           100%         1%          1
b - Passwall              Tmut/Erth      41%          1%          2
c - Iron Shot             Conj/Erth      29%          13%         6
d - Lee's Rapid Deconstr  Erth           33%          1%          5
e - Petrify               Tmut/Erth      50%          2%          4
f - Animate Skeleton      Necr           54%          1%          1
g - Blink                 Tloc           N/A          9%          2
h - Bolt of Magma         Conj/Fire/Erth 23%          10%         5

Your spell library contained the following spells:

 Spells                   Type           Power        Failure   Level
 Magic Dart               Conj           100%         1%          1
 Apportation              Tloc           20%          6%          1
 Corona                   Hex            11%          6%          1
 Summon Small Mammal      Summ           40%          6%          1
 Call Imp                 Summ           10%          9%          2
 Ensorcelled Hibernation  Hex/Ice        20%          9%          2
 Slow                     Hex            10%          9%          2
 Stone Arrow              Conj/Erth      100%         1%          3
 Conjure Flame            Conj/Fire      30%          3%          3
 Dazzling Flash           Conj/Hex       60%          3%          3
 Mephitic Cloud           Conj/Pois/Air  23%          6%          3
 Iskenderun's Battlesphe  Conj           51%          6%          5
 Confusing Touch          Hex            10%          17%         3
 Gell's Gravitas          Tloc           5%           17%         3
 Tukima's Dance           Hex            10%          17%         3
 Yara's Violent Unravell  Hex/Tmut       8%           65%         5
 Metabolic Englaciation   Hex/Ice        5%           85%         5
 Orb of Destruction       Conj           25%          88%         7
 Spellforged Servitor     Conj/Summ      15%          100%        7


Dungeon Overview and Level Annotations

Branches:
Dungeon (11/15)            Temple (1/1) D:4            Lair (5/6) D:8
 Shoals (0/4) Lair:4       Spider (0/4) Lair:2          Orc (2/2) D:11
    Elf (0/3) Orc:2        Bailey (visited)
  Slime: Lair:5-6

Altars:
Ashenzari
Cheibriados
Dithmenos
Elyvilon
Fedhas
Gozag
Hepliaklqana
Kikubaaqudgha
Makhleb
Nemelex Xobeh
Okawaru
Qazlal
Ru
Sif Muna
Trog
Uskayaw
Vehumet
Wu Jian
Xom
Yredelemnul
Zin
The Shining One
Beogh

Shops:
D:8 *   D:11 ?:=   Orc:2 }}((

Annotations:
Orc:1 2 runed translucent doors, Jehan's ghost, journeyman HOFi


Innate Abilities, Weirdness & Mutations

You are resistant to damage.
You can heal yourself by infusing magical energy.
You resist negative energy. (rN+)
You passively map the area around you.
You do not regenerate.
You are dopey. (Int -2)
You are frail. (-10% HP)


Message History

You climb downwards.
There is a stone staircase leading up here.
A boulder beetle is nearby!
The boulder beetle curls into a ball and begins rolling!
Casting: Animate Skeleton (safe; 1% risk of failure)
Confirm with . or Enter, or press ? or * to list all spells.
You can't see any susceptible monsters within range! (Use Z to cast anyway.)
Casting: Animate Skeleton (safe; 1% risk of failure)
Confirm with . or Enter, or press ? or * to list all spells.
Aiming: Iron Shot (dangerous; 13% risk of failure)
Press: ? - help, Shift-Dir - straight line, f - boulder beetle
Aim: a boulder beetle (0% to evade)
The iron shot hits the boulder beetle!!
The boulder beetle is moderately wounded.
Casting: Iron Shot (dangerous; 13% risk of failure)
Confirm with . or Enter, or press ? or * to list all spells.
You blink.
A demon appears!
The boulder beetle hits you!!!
Ouch! That really hurt!
You die...

..P.°.....................#
.....°....................#
..........................#######
#............................##..
#................................
..........................≈≈≈≈≈≈≈
....................<.....≈≈≈#≈≈≈
..........................≈#≈###≈
#.............4B@.........≈≈≈≈≈≈≈
#.............°...........≈≈≈≈≈≈≈
.............°...................
#............................>...
.....>........<............#.....
..#..............................
..#........................#...P.
#........................P##...P.
.........................####....


You could see a boulder beetle and a friendly orange demon (summoned).

Vanquished Creatures
  Snorg (Orc:2)
  Josephine (Lair:4)
  A hydra (Lair:2)
  6 two-headed ogres
  5 orc high priests
  2 unseen horrors (D:10)
  4 orc knights
  A cyclops (D:11)
  7 orc sorcerers
  8 elephants (Lair:4)
  A centaur zombie (D:9)
  Maurice (D:8)
  4 black mambas
  9 cane toads
  Maggie (D:8)
  9 komodo dragons
  4 rime drakes
  The ghost of urnamphora the Chopper, an amateur HOFi of Okawaru (D:4)
  3 trolls
  2 jumping spiders (Lair:2)
  4 polar bears (Lair:4)
  A hornet (D:9)
  9 blink frogs
  6 redbacks
  5 wraiths (Lair:4)
  2 shadows (D:11)
  A vampire (D:10)
  22 yaks
  4 wyverns
  Grum (D:8)
  A steam dragon (Lair:4)
  5 wargs
  Edmund (D:6)
  13 water moccasins
  45 orc warriors
  A hornet zombie (D:7)
  5 sky beasts
  3 phantoms
  3 ice beasts
  3 black bears
  7 centaurs
  16 ogres
  13 wolves
  2 big kobolds
  13 bullfrogs
  2 wyvern zombies
  7 scorpions
  2 troll zombies (D:11)
  9 wights
  7 killer bees
  5 howler monkeys
  8 electric eels
  6 hounds
  29 orc priests
  A jelly (D:8)
  2 centaur skeletons
  5 iguanas
  10 worker ants
  23 orc wizards
  4 ogre zombies (D:11)
  A hound skeleton (D:8)
  2 howler monkey skeletons
  A gnoll (Bailey)
  14 adders
  2 shadow imps
  3 white imps
  2 oozes
  2 adder skeletons (D:5)
  3 worms
  6 leopard geckos
  109 orcs
  4 giant cockroaches
  11 goblins
  7 hobgoblins
  8 jackals
  5 quokkas
  A ball python (D:1)
  A ball python skeleton (D:4)
  6 bats
  5 frilled lizards
  A goblin skeleton (D:11)
  A goblin zombie (D:11)
  3 hobgoblin skeletons (D:11)
  4 hobgoblin zombies (D:11)
  A jackal skeleton (D:4)
  A jackal zombie (D:7)
  20 kobolds
  A leopard gecko skeleton (D:4)
  3 orc skeletons (D:11)
  13 orc zombies (D:11)
  A quokka skeleton (D:5)
  9 rats
628 creatures vanquished.

Vanquished Creatures (collateral kills)
  An orc warlord (Orc:2)
  A troll (Orc:2)
  A warg (Orc:2)
  2 orc warriors
  2 orc priests (Orc:2)
  An ogre zombie (D:11)
  2 orcs (Orc:2)
  A kobold (D:10)
11 creatures vanquished.

Vanquished Creatures (others)
  A wizard (D:11)
  68 fungi
  108 plants
177 creatures vanquished.

Grand Total: 816 creatures vanquished

Notes
Turn   | Place    | Note
-------+----------+-------------------------------------------
     0 | D:1      | raph the Deep Dwarf Earth Elementalist began the quest for
                  | the Orb.
     0 | D:1      | Reached XP level 1. HP: 15/15 MP: 3/3
    68 | D:1      | Reached skill level 1 in Transmutations
   506 | D:1      | Reached XP level 2. HP: 20/22 MP: 2/4
   775 | D:1      | Learned a level 2 spell: Passwall
  2001 | D:2      | Reached XP level 3. HP: 23/28 MP: 4/6
  2005 | D:2      | Learned a level 3 spell: Stone Arrow
  2843 | D:2      | Reached skill level 1 in Conjurations
  2843 | D:2      | Reached skill level 5 in Earth Magic
  2843 | D:2      | Reached XP level 4. HP: 30/36 MP: 1/7
  3598 | D:3      | Reached XP level 5. HP: 34/42 MP: 5/8
  4024 | D:3      | Gained mutation: You are dopey. (Int -2) [mutagenic glow]
  4040 | D:3      | Gained mutation: You are frail. (-10% HP) [mutagenic glow]
  5107 | D:4      | Noticed urnamphora's ghost (amateur HOFi)
  5110 | D:4      | Found a runed translucent door.
  5531 | D:4      | Reached XP level 6. HP: 20/44 MP: 5/9
  5537 | D:4      | Found a staircase to the Ecumenical Temple.
  5546 | Temple   | Entered the Ecumenical Temple
  5838 | Temple   | Became a worshipper of Makhleb the Destroyer
  6522 | D:5      | Entered Level 5 of the Dungeon
  6539 | D:5      | Noticed a water moccasin
  6548 | D:5      | Killed a water moccasin
  6556 | D:5      | Reached XP level 7. HP: 27/49 MP: 1/10
  7136 | D:5      | HP: 1/49 [ice beast (4)]
  7334 | D:5      | Reached * piety under Makhleb
  7423 | D:5      | Learned a level 5 spell: Lee's Rapid Deconstruction
  7475 | D:5      | Reached skill level 5 in Conjurations
  7547 | D:5      | Found a shimmering blue altar of Sif Muna.
  7703 | D:5      | Reached XP level 8. HP: 49/55 MP: 5/12
  8022 | D:6      | Noticed Edmund
  8118 | D:6      | Reached skill level 1 in Shields
  8715 | D:6      | Killed Edmund
  8716 | D:6      | Reached skill level 10 in Earth Magic
  9082 | D:6      | Gained mutation: You passively map the area around you.
                  | [Deep Dwarf growth]
  9082 | D:6      | Reached XP level 9. HP: 61/61 MP: 2/13
  9691 | D:7      | Reached ** piety under Makhleb
  9692 | D:7      | Reached skill level 1 in Invocations
 10165 | D:7      | Reached skill level 1 in Fighting
 11223 | D:8      | Noticed Grum
 11227 | D:8      | Noticed Maggie
 11453 | D:8      | Killed Grum
 11641 | D:8      | Noticed Maurice
 12149 | D:8      | Reached skill level 1 in Axes
 12503 | D:8      | Reached XP level 10. HP: 72/72 MP: 4/14
 12605 | D:7      | Learned a level 4 spell: Petrify
 13127 | D:8      | Found Fuir Hupokh's Assorted Antiques.
 13209 | D:8      | Killed Maggie
 13210 | D:8      | Reached skill level 5 in Invocations
 13387 | D:7      | Reached skill level 2 in Axes
 13707 | D:8      | Found a staircase to the Lair.
 13762 | D:8      | Killed Maurice
 13861 | D:8      | Bought a scroll labelled CUORIA ZEATOWN for 26 gold pieces
 13861 | D:8      | Bought a runed broad axe for 182 gold pieces
 14159 | Lair:1   | Entered Level 1 of the Lair of Beasts
 14424 | Lair:1   | Identified a scroll of acquirement
 14424 | Lair:1   | Acquired the ring "Yqokk" {rElec rF+ Will+ Str-3 Int+8}
 14449 | Lair:1   | Reached skill level 5 in Dodging
 14932 | Lair:1   | Reached skill level 5 in Stealth
 15224 | Lair:1   | Noticed a cane toad
 15231 | Lair:1   | Killed a cane toad
 15232 | Lair:1   | Reached skill level 3 in Axes
 16125 | Lair:2   | Reached *** piety under Makhleb
 16440 | Lair:2   | Learned a level 1 spell: Animate Skeleton
 16448 | Lair:2   | Noticed a five-headed hydra
 16454 | Lair:2   | Killed a five-headed hydra
 16455 | Lair:2   | Reached XP level 11. HP: 82/82 MP: 1/17
 16679 | Lair:2   | Reached skill level 4 in Axes
 16679 | Lair:2   | Reached skill level 1 in Necromancy
 16864 | Lair:2   | Found a hole to the Spider Nest.
 17169 | Lair:2   | Found the +8 frozen axe "Frostbite" {freezing cloud, *Noise
                  | +Fly rC+}
 18229 | Lair:3   | Reached skill level 5 in Axes
 18492 | Lair:3   | Learned a level 2 spell: Blink
 18568 | Lair:3   | Reached skill level 5 in Spellcasting
 18917 | Lair:3   | Reached skill level 6 in Axes
 19866 | Lair:4   | Reached skill level 7 in Axes
 19960 | Lair:4   | Reached XP level 12. HP: 91/91 MP: 6/20
 20285 | Lair:4   | Reached **** piety under Makhleb
 20289 | Lair:4   | Reached skill level 8 in Axes
 20431 | Lair:4   | Found a staircase to the Shoals.
 20595 | Lair:4   | Learned a level 5 spell: Bolt of Magma
 21006 | Lair:4   | Reached skill level 9 in Axes
 21838 | Lair:4   | Noticed Josephine
 21843 | Lair:4   | Killed Josephine
 21844 | Lair:4   | Reached skill level 10 in Axes
 23066 | Lair:5   | Reached skill level 11 in Axes
 23684 | Lair:5   | Noticed a boulder beetle
 25145 | D:9      | Reached skill level 1 in Evocations
 26121 | D:10     | Entered Level 10 of the Dungeon
 26135 | D:10     | Reached XP level 13. HP: 97/97 MP: 24/24
 26158 | D:10     | Found a hazy altar of Hepliaklqana.
 27042 | D:10     | Reached skill level 12 in Axes
 27519 | D:4      | Killed urnamphora's ghost
 27941 | D:10     | Reached ***** piety under Makhleb
 28563 | D:11     | Found a staircase to the Orcish Mines.
 28768 | D:11     | Found Guzodgh's Jewellery Emporium.
 28795 | D:11     | Found a flagged portal.
 28805 | Bailey   | Entered a bailey
 29190 | Bailey   | Found a bloodstained altar of Trog.
 29200 | Bailey   | Got a dazzling broad axe
 29201 | Bailey   | Identified the +2 broad axe of Weak Purpose {speed, SInv}
                  | (You found it in a bailey)
 29345 | D:11     | Found a shimmering blue altar of Sif Muna.
 29668 | D:11     | Found Goiskuog's Magic Scroll Shoppe.
 30593 | D:11     | Found Nyqezueh's Book Boutique.
 30672 | D:11     | Learned a level 6 spell: Iron Shot
 30931 | D:11     | Reached skill level 13 in Axes
 31161 | D:11     | Found a bloodstained altar of Trog.
 31320 | Orc:1    | Entered Level 1 of the Orcish Mines
 32320 | Orc:1    | Found a large runed translucent door.
 32320 | Orc:1    | Found a large runed translucent door.
 32320 | Orc:1    | Noticed Jehan's ghost (journeyman HOFi)
 32592 | Orc:2    | Entered Level 2 of the Orcish Mines
 32798 | Orc:1    | Reached ****** piety under Makhleb
 34475 | Orc:2    | Found Otsiclef's Weapon Emporium.
 34495 | Orc:2    | Found a roughly hewn altar of Beogh.
 34520 | Orc:2    | Reached skill level 14 in Axes
 34786 | Orc:2    | Found Binumeih's Weapon Shoppe.
 35427 | Orc:2    | Gained mutation: You resist negative energy. (rN+) [Deep
                  | Dwarf growth]
 35427 | Orc:2    | Reached XP level 14. HP: 103/103 MP: 3/25
 35682 | Orc:2    | Found a staircase to the Elven Halls.
 36290 | Orc:2    | Noticed an orc warlord
 36342 | Orc:2    | Killed an orc warlord
 36343 | Orc:2    | Reached skill level 15 in Axes
 37003 | Orc:2    | Found a roughly hewn altar of Beogh.
 37021 | Orc:2    | Found Nete's Gadget Shoppe.
 37314 | Orc:2    | Found Otih's Gadget Emporium.
 37662 | Orc:1    | Noticed Snorg
 37673 | Orc:2    | Killed Snorg
 38375 | Lair:5   | Slain by a boulder beetle

Illustrated notes

Levels and vault maps discovered:
D:1:      dpeg_arrival_court, layout_basic
D:2:      layout_basic, chequers_serial_rivers_micro_c
D:3:      layout_basic
D:4:      layout_basic, minmay_temple_entry_water_ring,
          hellmonk_ghost_happy_afterlife
D:5:      layout_basic, led_sif_pool, minmay_diced_spiral
D:6:      layout_cave_pools, uniq_edmund
D:7:      layout_loops_ring
D:8:      layout_rooms, grunt_lair_entry_orc_guard_hut, serial_shops, shop,
          uniq_maggie, uniq_grum, uniq_maurice
D:9:      minmay_inner_zag, layout_long_grid, hive_lemuel
D:10:     layout_basic, basic_altar
D:11:     layout_roguey, zombieorc2_lemuel, enter_bailey_3, serial_shops,
          kennysheep_little_box, nicolae_shop_stone, shop, basic_altar,
          portal_ice_cave_rime, trog_wizard
Temple:   roderic_octagonal_lattice_temple
Lair:1:   wad_woods_04, layout_long_grid, serial_bayou_shore_b
Lair:2:   layout_chaotic_city, nicolae_spider_entry_tight_spaces,
          infiniplex_staircase_pool
Lair:3:   layout_loops_ring
Lair:4:   layout_loops_ring, minmay_shoals_entry_centaurs, serial_bayou,
          serial_bayou_pond_a, serial_bayou_ford_a, serial_bayou_pond_b,
          serial_bayou_lake_a, cheibrodos_lair_lostbears, uniq_josephine
Lair:5:   cheibrodos_lair_river_kwai, layout_gridlike
Orc:1:    layout_caves, ebering_ghost_disaster_area, uniq_snorg
Orc:2:    pubby_orc_utopia

Skill      XL: |  1  2  3  4  5  6  7  8  9 10 11 12 13 14 |
---------------+-------------------------------------------+-----
Transmutations | 1 2 |  2.9
Spellcasting   | 2 3 4 5 7 |  7.7
Stealth        | 3 5 |  5.0
Conjurations   | 1 2 3 5 6 7 |  7.9
Earth Magic    | 5 6 7 8 10 11 12 | 12.8
Dodging        | 3 4 6 7 |  7.4
Shields        | 4 |  4.0
Invocations    | 4 7 9 |  9.0
Fighting       | 2 4 |  4.9
Axes           | 1 3 7 11 14 15 | 15.8
Necromancy     | 3 |  3.3
Evocations     | 1 4 |  4.0

Action                   |  1- 3 |  4- 6 |  7- 9 | 10-12 | 13-15 || total
-------------------------+-------+-------+-------+-------+-------++-------
Melee: Dagger            |    12 |     1 |       |       |       ||    13
       Hand axe          |       |    14 |    75 |     3 |       ||    92
       Broad axe         |       |       |       |    22 |       ||    22
       Executioner's axe |       |       |       |   134 |   295 ||   429
 Fire: Hunting sling     |     3 |    17 |    79 |    41 |    43 ||   183
 Cast: Sandblast         |    46 |    72 |    84 |    31 |     7 ||   240
       Passwall          |     4 |       |     2 |     2 |     2 ||    10
       Stone Arrow       |       |     2 |    21 |    56 |       ||    79
       Lee's Rapid Decon |       |       |    20 |   117 |   121 ||   258
       Petrify           |       |       |       |    17 |    11 ||    28
       Animate Skeleton  |       |       |       |    40 |    90 ||   130
       Blink             |       |       |       |     6 |     6 ||    12
       Bolt of Magma     |       |       |       |    14 |    15 ||    29
       Iron Shot         |       |       |       |       |    29 ||    29
Invok: Minor Destruction |       |       |       |     3 |     1 ||     4
       Lesser Servant of |       |       |       |     1 |     3 ||     4
       Major Destruction |       |       |       |       |     2 ||     2
 Abil: Heal Wounds       |       |     1 |     1 |       |       ||     2
       Evoke Flight      |       |       |       |       |     1 ||     1
Evoke: Wand              |       |       |     2 |     2 |     1 ||     5
  Use: Scroll            |       |    12 |     8 |    13 |     5 ||    38
       Potion            |       |       |     2 |     1 |       ||     3
 Stab: Sleeping          |     6 |     2 |     2 |     5 |       ||    15
       Petrified         |       |       |       |     9 |       ||     9
       Petrifying        |       |       |       |     1 |       ||     1
Armor: Robe              |     5 |       |       |       |       ||     5
       Leather armour    |     3 |     6 |    42 |       |       ||    51
       Steam dragon scal |       |       |       |    70 |    79 ||   149
Dodge: Dodged            |    18 |    26 |    70 |   181 |   255 ||   550
Block: Other             |     1 |    12 |    11 |    45 |    82 ||   151
       Reflection        |       |     4 |     3 |       |    10 ||    17
       Buckler           |       |       |    47 |    26 |       ||    73
